 Dungeon Crawl Stone Soup version 0.21-a0-630-g344d3514eb (webtiles) character file.

60 NixNut the Ducker (level 3, -4/16 HPs)
             Began as a Felid Transmuter on Dec 25, 2017.
             Was an Initiate of Sif Muna.
             Killed from afar by an orc wizard (7 damage)
             ... with a magic dart
             ... on level 3 of the Dungeon.
             The game lasted 00:37:56 (2322 turns).

NixNut the Ducker (Felid Transmuter)                Turns: 2322, Time: 00:37:56

Health: -4/16      AC:  1    Str:  6    XL:     3   Next: 80%
Magic:  7/7        EV: 20    Int: 14    God:    Sif Muna [......]
Gold:   62         SH:  0    Dex: 23    Spells: 5/6 levels left
                                        Lives:  0   Deaths: 0

rFire    . . .     SeeInvis +     - Unarmed
rCold    . . .     Gourm    .   (shield unavailable)
rNeg     . . .     Faith    .   (armour unavailable)
rPois    .         Spirit   .   (helmet unavailable)
rElec    .         Reflect  .   (cloak unavailable)
rCorr    .         Harm     .   (gloves unavailable)
MR       .....                  (boots unavailable)
Stlth    +++.......             (no amulet)
HPRegen  0.05/turn              h - +6 ring of dexterity
MPRegen  0.10/turn              (no ring)

@: quick
A: very small, no armour, no weapons or thrown items, stealth, claws 1, fangs 3,
see invisible, carnivore, speed 1, shaggy fur 1, slow metabolism 1, sharp paws
a: Renounce Religion


You were on level 3 of the Dungeon.
You worshipped Sif Muna.
Sif Muna was noncommittal.
You were full.

You visited 1 branch of the dungeon, and saw 4 of its levels.

You collected 62 gold pieces.

Inventory:

Missiles
 a - 12 arrows
Jewellery
 h - a +6 ring of dexterity (left paw)
Scrolls
 d - 2 scrolls of identify {unknown}
 g - 2 scrolls of immolation {unknown}
 i - a scroll of amnesia {unknown}
 k - a scroll of remove curse {unknown}
 l - a scroll of enchant armour {unknown}
 m - a scroll of fog {unknown}
 n - a scroll of blinking {unknown}
Potions
 e - a potion of invisibility {unknown}
 f - a potion of haste {unknown}
 j - 2 potions of might {unknown}
Books
 b - a book of Changes

   Spells                             Type                      Level
   a - Beastly Appendage              Transmutation                1
   b - Sticks to Snakes               Transmutation                2
   c - Spider Form                    Transmutation/Poison         3
   d - Ice Form                       Ice/Transmutation            4
   e - Blade Hands                    Transmutation                5
Comestibles
 c - 7 rations


   Skills:
 * Level 2.0 Fighting
 - Level 3.5 Dodging
 + Level 3.0 Stealth
 - Level 3.2 Unarmed Combat
 - Level 2.0 Spellcasting
 - Level 2.1 Transmutations


You had 5 spell levels left.
You knew the following spells:

 Your Spells              Type           Power        Failure   Level  Hunger
a - Beastly Appendage     Tmut           #.....       10%         1    ##.....


Dungeon Overview and Level Annotations

Branches:
Dungeon (4/15)
 Temple: D:4-7

Altars:
Qazlal
Sif Muna

Annotations:
D:3 Roak's ghost, amateur KoBe
D:4 Blork the orc


Innate Abilities, Weirdness & Mutations

You cannot wear armour.
You are incapable of wielding weapons or throwing items.
Your paws allow you to move quietly. (Stealth)
You have sharp claws.
You have razor-sharp teeth.
You have supernaturally acute eyesight. (SInv)
You are carnivorous and can eat meat at any time.
You cover ground quickly.
You are covered in fur. (AC +1)
You have a slow metabolism.
Your sharp claws are effective at attacking unaware monsters.


Message History

Level annotation: Roak's ghost, amateur KoBe
There is a stone staircase leading down here.
You scratch the orc wizard.
You bite the orc wizard, but do no damage.
The orc wizard is moderately wounded.
The orc wizard casts a spell at you. The magic dart hits you!
* * * LOW HITPOINT WARNING * * *
The orc wizard misses you.
An orc comes into view. It is wielding a war axe.
The orc wizard casts a spell at you. The puff of flame misses you.
The orc wizard misses you.
The orc wizard points at you and mumbles some strange words.
The puff of flame misses you.
The orc wizard is no longer moving quickly.
You feel a little less agile now. The orc wizard casts a spell at you.
The magic dart hits you!
You die...

###### #....# #....#
#....###################
#.........@...o....o...##
#....#################..###
#....###...## ##..o.
#....##.....## #####
####.#.......# ######..
#.#.......# #..o..oo
#.#.......#######.......
#.##......ooo...........
#.#........######.......


You could see an orc wizard.

Vanquished Creatures
  An adder (D:2)
  An ooze (D:2)
  A worm (D:2)
  A dart slug (D:1)
  A leopard gecko (D:2)
  2 giant cockroaches (D:1)
  A hobgoblin (D:3)
  10 kobolds
  3 ball pythons
  6 bats
  8 frilled lizards
  4 goblins
  7 rats
46 creatures vanquished.

Notes
Turn   | Place    | Note
-------+----------+-------------------------------------------
     0 | D:1      | NixNut the Felid Transmuter began the quest for the Orb.
     0 | D:1      | Reached XP level 1. HP: 9/9 MP: 4/4
   185 | D:1      | Reached XP level 2. HP: 7/12 MP: 6/6
   322 | D:1      | Reached skill level 1 in Stealth
  1045 | D:2      | Found a stormy altar of Qazlal.
  1046 | D:2      | Found a deep blue altar of Sif Muna.
  1066 | D:2      | Became a worshipper of Sif Muna the Loreminder
  1362 | D:2      | Reached XP level 3. HP: 16/16 MP: 7/7
  1584 | D:2      | Found a faded altar of an unknown god.
  1631 | D:3      | Noticed Roak's ghost (amateur KoBe)
  2248 | D:4      | Noticed Blork the orc
  2322 | D:3      | Killed from afar by an orc wizard

Vault maps used:
D:1:      sevenhm_arrival_forest_fort_small_4, minmay_domino_2
D:2:      gammafunk_temple_overflow_statue, chequers_ecumenical_altar_grove,
          first_ration
D:3:      nicolae_overflow_crystal_walls, trog_book
D:4:      xom_confusion_cloud, uniq_blork_the_orc, uniq_robin, uniq_pikel

Skill      XL: |  1  2  3 |
---------------+----------+-----
Dodging        | 3 |  3.5
Stealth        | 1 3 |  3.0
Fighting       | 2 |  2.0
Unarmed Combat | |  3.2
Spellcasting   | |  2.0
Transmutations | |  2.1

Action                   || total
-------------------------++-------
Melee: Unarmed           ||   103
       Bite              ||     7
       Punch             ||     1
  Use: Potion            ||     1
 Stab: Sleeping          ||    14
       Distracted        ||     1
  Eat: Chunk             ||     7
Armor: Skin              ||     5
Dodge: Dodged            ||    75

Table legend:
 A = Spawn XP
 B = Non-spawn XP
 C = Spawn XP percentage of total XP
 D = Spawn monster count
 E = Non-spawn monster count
 F = Spawn count percentage of total count
 G = Total turns spent on level
                    A         B        C        D         E        F      G
               +---------+---------+-------+---------+---------+-------+---------
         Total |       0 |      86 |   0.0 |       0 |      46 |   0.0 |  2322
               +---------+---------+-------+---------+---------+-------+---------
           D:1 |       0 |      31 |   0.0 |       0 |      21 |   0.0 |  1193
           D:2 |       0 |      48 |   0.0 |       0 |      20 |   0.0 |   949
           D:3 |       0 |       7 |   0.0 |       0 |       5 |   0.0 |   172
               +---------+---------+-------+---------+---------+-------+---------
